 Seeded DCSS version 0.28-a0-1567-g1695149f81 (webtiles) character file.

Game seed: 122 (custom seed)

8 knot the Chopper (level 2, 18/24 HPs)
             Began as a Demonspawn Berserker on Jan 19, 2022.
             Was a Follower of Trog.
             Quit the game on level 1 of the Dungeon.
             The game lasted 00:00:13 (280 turns).

knot the Chopper (Demonspawn Berserker)              Turns: 280, Time: 00:00:14

Health: 18/24      AC:  4    Str: 17    XL:     2   Next: 0%
Magic:  2/2        EV: 12    Int:  8    God:    Trog [*.....]
Gold:   29         SH:  0    Dex: 12    Spells: 1/1 levels left

rFire   . . .      SeeInvis .   a - +0 hand axe
rCold   . . .      Faith    .   (no shield)
rNeg    . . .      Spirit   .   b - +0 animal skin
rPois   .          Reflect  .   (no helmet)
rElec   .          Harm     .   (no cloak)
rCorr   .          Rampage  .   (no gloves)
Will    .....                   (no boots)
Stlth   +.........              (no amulet)
HPRegen 0.08/turn               (no ring)
MPRegen 0.08/turn               (no ring)

@: no status effects
A: icy blue scales 1
a: Renounce Religion, Berserk


You were on level 1 of the Dungeon.
You worshipped Trog.
Trog was aware of your devotion.
You visited 1 branch of the dungeon, and saw 1 of its levels.

You collected 29 gold pieces.

Inventory:

Hand Weapons
 a - a +0 hand axe (weapon)
Missiles
 c - 5 boomerangs (quivered)
Armour
 b - a +0 animal skin (worn)


   Skills:
 - Level 3.0 Fighting
 + Level 3.2 Axes
 - Level 1.7 Armour
 - Level 1.7 Dodging


You had one spell level left.
You didn't know any spells.
Your spell library was empty.

Dungeon Overview and Level Annotations

Branches:
Dungeon (1/15)

Altars:

Shops:
D:1 (


Innate Abilities, Weirdness & Mutations

You are partially covered in icy blue scales. (AC +2)


Message History

A frilled lizard, a kobold, a bat and a giant cockroach come into view.
Found 23 stones.
The bat moves out of view.
A kobold comes into view. It is wielding a +0 club.
The kobold shouts! x2; You hear an angry hiss. x2
A rat comes into view.
The kobold moves out of view.
There are monsters nearby!
A quokka comes into view.
Found a book of Frost, a scroll labelled YFIAGA JORA and 2 green potions.
There are monsters nearby!
You hit the frilled lizard.
You kill the frilled lizard!
Trog accepts your kill. The bat misses you.
A ball python comes into view. x2
The ball python moves out of view.
There are monsters nearby!
Found a scroll labelled SIDEXISIUKH.
The bat misses you. The bat barely misses you.
The ball python hisses angrily.
You hit the rat but do no damage. You hit the bat.
The bat hits you but does no damage. The bat hits you. The rat bites you.
A frilled lizard comes into view.
The bat closely misses you.
You closely miss the bat.
The bat is severely wounded.
You hit the rat.
You kill the rat!
Trog accepts your kill. The bat misses you.
You closely miss the kobold. The bat closely misses you.
The kobold hits you but does no damage.
You hit the bat.
You kill the bat!
Trog accepts your kill.
You hit the kobold. The kobold hits you with a +0 club.
You have reached level 2!
Your demonic ancestry asserts itself...
Icy blue scales grow over part of your body.
Are you sure you want to abandon this character and quit the game? (Confirm with "yes".)

.♣ ####♣ .. #...# .♣#
#####...###..#
..........##.#
.##.....?....# #
..........#..## .#
.####†@###...#####.####
#K..##♣.♣.♣.♣.♣...#
Br##.# #........# ?..l
.# ♣.♣.♣.♣.♣# #:... .#
#........# # ##.?. .#
♣.♣.♣.♣.♣#### ..#! .#
#............ #.## ##
♣.♣.♣.♣.♣####
#.......#####


You could see a quokka, a giant cockroach, a kobold and a frilled lizard.

Vanquished Creatures
  A bat (D:1)
  An endoplasm (D:1)
  A goblin (D:1)
  A quokka (D:1)
  A ball python (D:1)
  A frilled lizard (D:1)
  2 rats (D:1)
8 creatures vanquished.

Notes
Turn   | Place    | Note
-------+----------+-------------------------------------------
     0 | D:1      | knot the Demonspawn Berserker began the quest for the Orb.
     0 | D:1      | Reached XP level 1. HP: 18/18 MP: 1/1
   137 | D:1      | Found Janushreg's Weapon Emporium.
   280 | D:1      | Gained mutation: You are partially covered in icy blue
                  | scales. (AC +2) [demonic ancestry]
   280 | D:1      | Reached XP level 2. HP: 18/24 MP: 2/2
   280 | D:1      | Quit the game

Illustrated notes

Levels and vault maps discovered:
D:1:      elethiomel_arrival_infinity_welcomes_careful_drivers,
          layout_loops_ring, serial_forest, infiniplex_forest_lined_room_3,
          infiniplex_forest_lined_corner, infiniplex_forest_clump_small,
          infiniplex_forest_side_room, infiniplex_forest_clump_double,
          infiniplex_forest_clump_curved, infiniplex_forest_clump_tiny,
          infiniplex_forest_lined_2, infiniplex_forest_zigzag_2,
          infiniplex_forest_join, chequers_ecumenical_altar_grove, serial_shops,
          shop, shop, nicolae_shop_behind_doors, nicolae_shop_trees,
          nicolae_shop_hallway_plus, skrybe_limestone_x, st_stairs_13,
          minmay_hexomino_c4

Skill      XL: |  1 |
---------------+----+-----
Axes           | 3 |  3.2
Fighting       | |  3.0
Armour         | |  1.7
Dodging        | |  1.7

Action                   || total
-------------------------++-------
Melee: Hand axe          ||    14
 Stab: Sleeping          ||     1
Armor: Animal skin       ||     2
Dodge: Dodged            ||    10

Table legend: (Time is in decaauts)
 A = Elapsed time spent in this place.
 B = Non-inter-level travel time spent in this place.
 C = Inter-level travel time spent in this place.
 D = Time resting spent in this place.
 E = Time spent auto-exploring this place.
 F = Levels seen in this place.
 G = Mean time per level.
                   A        B        C        D        E       F      G
               +--------+--------+--------+--------+--------+-----+--------+
         Total |    282 |    282 |      0 |      0 |    250 |   1 |  282.0 |
       Dungeon |    282 |    282 |      0 |      0 |    250 |   1 |  282.0 |
               +--------+--------+--------+--------+--------+-----+--------+

Top non-repeatable levels by time:
     D:1: 282 daAuts
